 Dungeon Crawl Stone Soup version 0.23.2-33-g5129a83 (webtiles) character file.

Game seed: 18196935664435326717

2515 Aphrodieselac the Spear-Bearer (level 9, -4/61 HPs)
             Began as a Merfolk Skald on Aug 4, 2019.
             Was a Priest of Okawaru.
             Hit by a large rock thrown by a cyclops (22 damage)
             ... on level 7 of the Dungeon.
             The game lasted 00:38:48 (7626 turns).

Aphrodieselac the Spear-Bearer (Merfolk Skald)      Turns: 7626, Time: 00:38:49

Health: -4/61      AC:  8    Str: 10    XL:     9   Next: 54%
Magic:  12/12      EV: 13    Int: 18    God:    Okawaru [***...]
Gold:   417        SH:  0    Dex: 20    Spells: 4/12 levels left

rFire    . . .     SeeInvis .   a - +10 hunting sling of the Scavenger {flame, +Blink Str-2 Int+3 Dex+2}
rCold    . . .     Gourm    .   (no shield)
rNeg     . . .     Faith    .   J - +0 leather armour
rPois    .         Spirit   .   (no helmet)
rElec    .         Reflect  .   (no cloak)
rCorr    .         Harm     .   x - +2 pair of gloves
MR       .....                  c - +1 pair of boots
Stlth    +++.......             (no amulet)
HPRegen  0.20/turn              q - ring of stealth
MPRegen  0.13/turn              B - +5 ring of dexterity

@: no status effects
A: change form in water, swift swim, stealthy swim
a: Heroism, Renounce Religion, Evoke Blink


You were on level 7 of the Dungeon.
You worshipped Okawaru.
Okawaru was most pleased with you.
You were not hungry.

You visited 2 branches of the dungeon, and saw 8 of its levels.

You collected 417 gold pieces.

Inventory:

Hand Weapons
 a - the +10 hunting sling of the Scavenger (weapon) {flame, +Blink Str-2 Int+3 Dex+2}
   (You found it on level 6 of the Dungeon)

   It causes projectiles fired from it to burn those they strike, causing extra
   injury to most foes and up to half again as much damage against particularly
   susceptible opponents.
   It affects your strength (-2).
   It affects your intelligence (+3).
   It affects your dexterity (+2).
   It lets you blink.
 b - a +1 trident
Missiles
 m - 120 stones (quivered)
 A - 22 poisoned needles
 C - 2 poisoned tomahawks
 H - a throwing net
 L - 19 sling bullets
Armour
 c - a +1 pair of boots (worn)
 x - a +2 pair of gloves (worn)
 J - a +0 leather armour (worn)
Jewellery
 q - a ring of stealth (left hand)
 t - an uncursed ring of protection from cold
 z - an uncursed ring of protection from cold
 B - a +5 ring of dexterity (right hand)
Wands
 s - a wand of paralysis (13)
 F - a wand of random effects (15)
Scrolls
 g - 3 scrolls of identify
 k - a scroll of enchant weapon
 l - a scroll of immolation
 o - 3 scrolls of teleportation
 p - a scroll of noise {unknown}
 w - 2 scrolls of remove curse
 y - 2 scrolls of blinking
Potions
 e - a potion of mutation
 f - 2 potions of ambrosia {unknown}
 h - 4 potions of curing
 j - 2 potions of flight {unknown}
 n - 2 potions of heal wounds
 r - a potion of haste
 u - 2 potions of berserk rage {unknown}
 D - a potion of lignification
 E - a potion of degeneration {unknown}
 K - a potion of brilliance {unknown}
 M - a potion of might {unknown}
Comestibles
 d - 10 rations
 i - 4 chunks of flesh


   Skills:
 - Level 2.1 Fighting
 * Level 13.2 Polearms
 - Level 0.6 Armour
 - Level 2.6 Dodging
 - Level 2.0 Spellcasting
 + Level 9.7 Charms


You had 4 spell levels left.
You knew the following spells:

 Your Spells              Type           Power        Failure   Level  Hunger
a - Infusion              Chrm           ####         1%          1    #......
b - Song of Slaying       Chrm           #####...     1%          2    ###....
c - Shroud of Golubria    Chrm/Tloc      ###.......   4%          2    ###....
d - Spectral Weapon       Hex/Chrm       ###.....     10%         3    ###....

Your spell library contained the following spells:

 Spells                   Type           Power        Failure   Level  Hunger
 Regeneration             Chrm/Necr      ###.......   10%         3    ###....
 Animate Skeleton         Necr           N/A          24%         1    #......
 Apportation              Tloc           #.....       24%         1    #......
 Confusing Touch          Hex            #.....       24%         1    #......
 Summon Small Mammal      Summ           #...         24%         1    #......
 Call Imp                 Summ           #.......     36%         2    ###....
 Call Canine Familiar     Summ           #.......     58%         3    ###....
 Summon Guardian Golem    Hex/Summ       #.......     58%         3    ###....
 Summon Ice Beast         Ice/Summ       #.......     94%         4    #####..
 Summon Lightning Spire   Summ/Air       #.......     94%         4    #####..


Dungeon Overview and Level Annotations

Branches:
Dungeon (7/15)             Temple (1/1) D:4

Altars:
Ashenzari
Dithmenos
Gozag
Hepliaklqana
Kikubaaqudgha
Makhleb
Okawaru
Qazlal
Ru
Sif Muna
Trog
Uskayaw
Vehumet
Wu Jian
Xom
Yredelemnul
Zin
The Shining One

Shops:
D:7 }

Annotations:
D:6 2 runed translucent doors, growler's ghost, novice DsGl
D:7 2 runed translucent doors


Message History

You hit the quokka.
You kill the quokka!
Okawaru accepts your kill.
The +10 hunting sling of the Scavenger {flame, +Blink Str-2 Int+3 Dex+2} bursts into flame!
a - the +10 hunting sling of the Scavenger (weapon)
{flame, +Blink Str-2 Int+3 Dex+2}
There is an open door here.
Firing (i - inventory. (/) - cycle)
m - 121 stones (quivered)
Press: ? - help, Shift-Dir - straight line, f - cyclops
Aim: a cyclops (hasn't noticed you)
You shoot a stone. The cyclops shouts!
The stone hits the cyclops.
The stone burns the cyclops.
The cyclops is lightly wounded.
You hear a shout!
The cyclops throws a large rock.
The large rock hits you!!
You see here a large rock.
The cyclops throws a large rock.
The large rock hits you!
* * * LOW HITPOINT WARNING * * *
The cyclops throws a large rock.
The large rock hits you!!
You die...

****####.......#.)........#.....#
***,..........##..........###....
**,,######....##........)........
**,*#8}$8##.#.......).....)....##
**,*8....8#.##..........##..)..#
**,+......+..#.##.........)#...##
**,+.....l+......................
**,*8....8#...###.............##.
**,*#8$:8##...(.@................
,,,,######.....##................
***+* #C###...............####
*,*,*****#รท.C##....._.##.....#
,*,**,**,##.#.#.....#.#..###.#
,***,,**,#.##.#..........# *.#
,*,,****,##.#C#......#...# *,* ##
,*,**,**,,###.#........#.#**.###.
*,,,,****,,,.##.....#......,...#.


You could see a cyclops and a wyvern.

Vanquished Creatures
  A hippogriff (D:7)
  4 yaks
  A sky beast (D:4)
  2 phantoms
  3 ogres
  A bullfrog (D:7)
  A wyvern zombie (D:7)
  3 scorpions
  A howler monkey (D:6)
  A bullfrog zombie (D:5)
  5 crimson imps
  A hound (D:7)
  A bullfrog skeleton (D:4)
  2 orc priests
  A centaur skeleton (D:6)
  4 orc wizards (D:7)
  Jessica (D:3)
  Ijyb (D:4)
  Natasha (thrice) (D:4)
  4 worker ants
  A worker ant zombie (D:6)
  10 adders
  A shadow imp (D:5)
  An ooze (D:5)
  6 worms
  A dart slug (D:1)
  6 leopard geckos
  17 orcs
  A ball python (D:1)
  6 giant cockroaches
  16 goblins
  9 hobgoblins
  8 jackals
  6 kobolds
  4 quokkas
  4 bats
  5 frilled lizards
  A jackal skeleton (D:6)
  A leopard gecko skeleton (D:3)
  A quokka skeleton (D:2)
  6 rats
152 creatures vanquished.

Notes
Turn   | Place    | Note
-------+----------+-------------------------------------------
     0 | D:1      | Aphrodieselac the Merfolk Skald began the quest for the
                  | Orb.
     0 | D:1      | Reached XP level 1. HP: 16/16 MP: 3/3
   422 | D:1      | Reached XP level 2. HP: 15/22 MP: 5/5
   677 | D:1      | Reached XP level 3. HP: 20/27 MP: 6/6
   832 | D:2      | Reached skill level 4 in Polearms
  1374 | D:2      | Reached XP level 4. HP: 23/33 MP: 0/7
  1381 | D:2      | Learned a level 2 spell: Song of Slaying
  1384 | D:2      | Learned a level 2 spell: Shroud of Golubria
  1638 | D:2      | Noticed a phantom
  1679 | D:2      | Reached skill level 5 in Charms
  1931 | D:2      | Killed a phantom
  1931 | D:2      | Reached skill level 5 in Polearms
  1931 | D:2      | Reached XP level 5. HP: 14/38 MP: 1/8
  2302 | D:3      | Noticed Jessica
  2308 | D:3      | Killed Jessica
  2326 | D:3      | Reached XP level 6. HP: 39/44 MP: 4/9
  2331 | D:3      | Learned a level 3 spell: Spectral Weapon
  3238 | D:4      | Noticed Ijyb
  4008 | D:5      | Entered Level 5 of the Dungeon
  4060 | D:4      | Found a staircase to the Ecumenical Temple.
  4089 | Temple   | Entered the Ecumenical Temple
  4130 | Temple   | Became a worshipper of Warmaster Okawaru
  4154 | D:4      | Noticed a +0 hand axe
  4155 | D:4      | Found a hide-covered altar of Uskayaw.
  4155 | D:4      | Noticed a +0 hand axe
  4227 | D:4      | Killed Ijyb
  4251 | D:4      | Noticed Natasha
  4267 | D:4      | Killed Natasha
  4267 | D:4      | Reached skill level 6 in Polearms
  4312 | D:4      | Noticed Natasha
  4335 | D:4      | Killed Natasha
  4340 | D:4      | Noticed Natasha
  4356 | D:4      | Killed Natasha
  4544 | D:4      | Found an ornate altar of the Wu Jian Council.
  4693 | D:4      | Reached XP level 7. HP: 35/50 MP: 7/10
  4856 | D:4      | Reached * piety under Okawaru
  4856 | D:4      | Reached skill level 7 in Polearms
  5356 | D:4      | Reached skill level 8 in Polearms
  5480 | D:5      | Found a bloodstained altar of Trog.
  5593 | D:5      | Reached XP level 8. HP: 54/56 MP: 3/11
  5645 | D:5      | Reached skill level 9 in Polearms
  5980 | D:6      | Found a runed translucent door.
  6010 | D:6      | Noticed growler's ghost (novice DsGl)
  6014 | D:6      | Got an ancient hunting sling
  6057 | D:6      | Identified the +10 hunting sling of the Scavenger {flame,
                  | +Blink Str-2 Int+3 Dex+2} (You found it on level 6 of the
                  | Dungeon)
  6171 | D:6      | Reached ** piety under Okawaru
  6357 | D:6      | Found a runed translucent door.
  6452 | D:6      | Reached skill level 10 in Polearms
  6743 | D:7      | Found Zeyhel's Gadget Shop.
  6745 | D:7      | Noticed a hippogriff
  6940 | D:7      | Killed a hippogriff
  6940 | D:7      | Reached skill level 11 in Polearms
  7041 | D:7      | Found a shimmering altar of Xom.
  7082 | D:7      | Reached XP level 9. HP: 61/61 MP: 12/12
  7101 | D:7      | Reached skill level 12 in Polearms
  7116 | D:6      | Reached *** piety under Okawaru
  7438 | D:7      | Found a basalt altar of Yredelemnul.
  7450 | D:7      | Reached skill level 13 in Polearms
  7540 | D:7      | Found a large runed translucent door.
  7544 | D:7      | Found a large runed translucent door.
  7580 | D:7      | Noticed a cyclops
  7626 | D:7      | Hit by a large rock thrown by a cyclops

Skill      XL: |  1  2  3  4  5  6  7  8  9 |
---------------+----------------------------+-----
Charms         | 4 5 6 7 9 |  9.7
Polearms       | 4 5 6 8 11 13 | 13.2
Fighting       | |  2.1
Armour         | |  0.6
Dodging        | |  2.6
Spellcasting   | |  2.0

Action                   |  1- 3 |  4- 6 |  7- 9 || total
-------------------------+-------+-------+-------++-------
Melee: Spear             |   163 |   325 |   118 ||   606
       Trident           |       |       |    86 ||    86
 Fire: Hunting sling     |       |       |    87 ||    87
Throw: Stone             |       |     4 |       ||     4
       Tomahawk          |       |       |     3 ||     3
 Cast: Infusion          |     4 |    15 |     6 ||    25
       Shroud of Golubri |       |     7 |     3 ||    10
       Spectral Weapon   |       |     3 |       ||     3
       Song of Slaying   |       |     2 |     2 ||     4
  Use: Scroll            |       |     4 |    11 ||    15
 Stab: Sleeping          |     1 |     1 |     1 ||     3
  Eat: Chunk             |     2 |     8 |     7 ||    17
       Ration            |       |     1 |     1 ||     2
Armor: Leather armour    |    45 |    55 |    28 ||   128
Dodge: Dodged            |   114 |   111 |    76 ||   301
